 Dungeon Crawl Stone Soup version 0.30-a0-715-gdb4ae3ece1 (webtiles) character file.

Game seed: 9920918538769148301

22566 pokeman the Eclecticist (level 12, -7/66 HPs)
             Began as a Deep Elf Hedge Wizard on Jan 23, 2023.
             Was an Elder of Vehumet.
             Shot with a bolt by a yaktaur (20 damage)
             ... on level 13 of the Dungeon.
             The game lasted 00:51:13 (16046 turns).

pokeman the Eclecticist (Deep Elf Hedge Wizard)    Turns: 16046, Time: 00:51:13

Health: -7/66      AC: 13    Str: 15    XL:     12   Next: 64%
Magic:  12/34      EV: 12    Int: 25    God:    Vehumet [****..]
Gold:   80         SH:  0    Dex: 14    Spells: 28/43 levels left

rFire   . . .      SeeInvis .    G - +2 dagger (venom)
rCold   . . .      Faith    .    k - orb {light}
rNeg    + . .      Spirit   .    b - +3 leather armour of the Imp {Str+2}
rPois   .          Reflect  .    j - +1 helmet
rElec   .          Harm     .    N - +0 cloak
rCorr   .          Rampage  .    T - +1 pair of gloves
Will    +....                    g - +0 pair of boots
Stlth   +                        (no amulet)
HPRegen 0.31/turn                B - +6 ring of strength
MPRegen 0.24/turn                S - ring of positive energy

@: spiked, glowing
A: no striking features
a: Renounce Religion


You were on level 13 of the Dungeon.
You worshipped Vehumet.
Vehumet was greatly pleased with you.
You visited 2 branches of the dungeon, and saw 14 of its levels.

You collected 544 gold pieces.
You spent 464 gold pieces at shops.

Inventory:

Hand Weapons
 G - a +2 dagger of venom (weapon)
Missiles
 F - 5 throwing nets
 O - a curare-tipped dart
Armour
 b - the +3 leather armour of the Imp (worn) {Str+2}
   (You found it on level 12 of the Dungeon)

   Str:       It affects your strength (+2).
 g - a +0 pair of boots (worn)
 j - a +1 helmet (worn)
 k - an orb of light (worn)
 y - a scarf of invisibility
 M - a +2 leather armour of fire resistance
 N - a +0 cloak (worn)
 T - a +1 pair of gloves (worn)
Jewellery
 B - a +6 ring of strength (left hand)
 S - a ring of positive energy (right hand)
Wands
 r - a wand of flame (25)
 s - a wand of mindburst (7)
 H - a wand of acid (4)
 R - a wand of paralysis (7)
Scrolls
 c - 4 scrolls of brand weapon
 e - a scroll of silence
 f - a scroll of torment
 i - 6 scrolls of vulnerability
 l - 5 scrolls of teleportation
 m - 3 scrolls of fear
 n - 2 scrolls of blinking
 o - 4 scrolls of fog
 t - 6 scrolls of poison
 u - 5 scrolls of enchant weapon
 w - 3 scrolls of noise
 x - 2 scrolls of magic mapping
 C - a scroll of amnesia {unknown}
 E - 3 scrolls of immolation {unknown}
 J - 2 scrolls of enchant armour {unknown}
 L - 2 scrolls of acquirement {unknown}
 Q - 2 scrolls of butterflies {unknown}
Potions
 a - 2 potions of berserk rage
 d - 2 potions of magic
 h - a potion of cancellation {unknown}
 p - 7 potions of attraction
 q - a potion of invisibility
 v - 7 potions of brilliance
 z - a potion of heal wounds
 A - a potion of flight {unknown}
 D - 2 potions of degeneration {unknown}
 K - 2 potions of ambrosia {unknown}
 P - a potion of mutation {unknown}


   Skills:
 - Level 4.0 Fighting
 - Level 4.3 Armour
 - Level 3.0 Dodging
 - Level 3.0 Stealth
 + Level 3.2 Shields
 * Level 16.3 Spellcasting
 + Level 10.6 Conjurations
 + Level 9.1 Summonings
 + Level 9.7 Necromancy
 - Level 1.1 Translocations
 - Level 1.0 Air Magic
 - Level 1.0 Poison Magic
 - Level 1.0 Evocations


You had 28 spell levels left.
You knew the following spells:

 Your Spells              Type           Power      Damage    Failure   Level
a - Magic Dart            Conj           100%       1d8       1%          1
b - Mephitic Cloud        Conj/Pois/Air  41%        N/A       1%          3
c - Call Imp              Summ           60%        N/A       1%          2
d - Blink                 Tloc           52%        N/A       3%          2
e - Call Canine Familiar  Summ           60%        N/A       1%          3
f - Dispel Undead         Necr           62%        3d22      1%          4

Your spell library contained the following spells:

 Spells                   Type           Power      Damage    Failure   Level
 Inner Flame              Hex/Fire       20%        N/A       2%          3
 Summon Small Mammal      Summ           100%       N/A       1%          1
 Cigotuvi's Dreadful Rot  Necr/Pois/Air  80%        N/A       1%          2
 Poisonous Vapours        Pois/Air       50%        N/A       1%          2
 Summon Guardian Golem    Hex/Summ       43%        N/A       1%          3
 Vampiric Draining        Necr           62%        2d10      1%          3
 Sting                    Tmut/Pois      92%        1d7       2%          1
 Arcjolt                  Conj/Air       24%        1d34      2%          5
 Slow                     Hex            80%        N/A       3%          1
 Lesser Beckoning         Tloc           52%        N/A       3%          2
 Olgreb's Toxic Radiance  Pois           25%        N/A       5%          4
 Gell's Gravitas          Tloc           26%        N/A       6%          3
 Teleport Other           Tloc           26%        N/A       6%          3
 Vhi's Electric Charge    Tloc/Air       50%        N/A       6%          3
 Death Channel            Necr           31%        N/A       9%          6
 Confusing Touch          Hex            20%        N/A       10%         3
 Maxwell's Capacitive Co  Air            12%        ∞         100%        8


Dungeon Overview and Level Annotations

Branches:
Dungeon (13/15)            Temple (1/1) D:7            Lair (0/5) D:10
    Orc (0/2) D:12
 Vaults: D:13-14

Altars:
Cheibriados
Elyvilon
Gozag
Hepliaklqana
Kikubaaqudgha
Makhleb
Nemelex Xobeh
Okawaru
Sif Muna
Vehumet
Wu Jian
Xom
Yredelemnul
The Shining One

Shops:
D:6 *   D:7 (   D:8 *   D:9 [   D:13 ![(


Message History

Aim: a manticore (heavily wounded, ally target, chance to affect: 58%)
The ball explodes into a vile cloud!
The stinking cloud engulfs the manticore but does no damage.
The manticore is heavily wounded.
The stinking cloud engulfs the yaktaur but does no damage.
The yaktaur is severely wounded.
The yaktaur is engulfed in noxious fumes.
The manticore is engulfed in noxious fumes.
The barbs in your skin will harm you if you move.
Continue?
Okay, then.
Unknown command.
Casting: Mephitic Cloud (safe; 1% risk of failure)
Confirm with . or Enter, or press ? or * to list all spells.
Aiming: Mephitic Cloud (safe; 1% risk of failure)
Press: ? - help, Shift-Dir - straight line, p - manticore The ball explodes into a vile cloud!
The stinking cloud engulfs the yaktaur but does no damage.
The yaktaur is severely wounded.
The stinking cloud engulfs the manticore but does no damage.
The manticore is heavily wounded.
The stinking cloud engulfs your warg but does no damage.
The yaktaur wields a +0 arbalest.
The yaktaur shoots a bolt.
The bolt hits you!
* * * LOW HITPOINT WARNING * * *
The manticore is engulfed in noxious fumes.
The manticore appears confused.
Casting: Mephitic Cloud (safe; 1% risk of failure)
Confirm with . or Enter, or press ? or * to list all spells.
Aiming: Mephitic Cloud (safe; 1% risk of failure)
Press: ? - help, Shift-Dir - straight line, f - yaktaur
Aim: a yaktaur, wielding a +0 arbalest (severely wounded, haloed, chance to affect: 62%)
The ball explodes into a vile cloud!
The stinking cloud engulfs the yaktaur but does no damage.
The yaktaur is severely wounded.
The stinking cloud engulfs the manticore but does no damage.
The manticore is heavily wounded.
The stinking cloud engulfs your warg but does no damage.
Your warg bites the manticore!
The yaktaur is engulfed in noxious fumes.
The yaktaur shoots a bolt.
The bolt hits you!!
You die...

+.......# .. ..
#.......# ###.# ..
#.......# ..#.# ######'
#...#######...# .......
#...# #...# .......
#...# #.)#### .......
#...# #.#....
#..°#####...# #§#....
#.☼☼c○)@....### #z#....
#.○○Hh§.....+.####z#....
#...○§☼.....#z.z..z#....
#############)######....
#.# #.... .z. #.... ....
##≈≈≈. ...... #≈≈≈≈≈
....... #≈~∩≈≈


You could see a manticore (confused, ally target), a yaktaur and a friendly warg
(summoned).

Vanquished Creatures
  3 centaur warriors
  A two-headed ogre (D:9)
  A boulder beetle (D:12)
  7 skeletal warriors
  Pikel (D:6)
  A deep elf pyromancer (D:13)
  An ugly thing (D:12)
  3 cyclopes
  A manticore (D:12)
  Psyche (D:8)
  An unseen horror (D:13)
  A troll (D:12)
  2 hornets
  Sigmund (D:2)
  8 yaks
  A wyvern (D:9)
  2 vampire mosquitoes (D:11)
  A water moccasin (D:5)
  7 ice beasts
  5 orc warriors
  2 black bears (D:7)
  An ogre (D:7)
  A tengu (D:8)
  4 centaurs
  3 kobold brigands
  3 bullfrogs
  2 gnoll sergeants
  5 scorpions
  4 wights
  21 killer bees
  5 howler monkeys
  4 electric eels
  4 jellies
  11 orc priests
  A hound (D:4)
  4 iguanas
  11 orc wizards
  12 gnolls
  6 adders
  A shadow imp (D:6)
  A white imp (D:6)
  3 worms
  3 dart slugs
  48 orcs
  A ball python (D:4)
  2 bats
  10 endoplasms
  4 giant cockroaches
  8 goblins
  2 hobgoblins (D:2)
  5 jackals
  21 kobolds
  A quokka (D:5)
  3 frilled lizards
  3 rats
269 creatures vanquished.

Vanquished Creatures (collateral kills)
  A hydra (D:13)
  An orc knight (D:12)
  A gargoyle (D:11)
  A meliai (D:13)
  A slime creature (D:13)
  A wraith (D:11)
  A basilisk (D:13)
  10 vampire mosquitoes
  A yak (D:12)
  An acid dragon (D:11)
  2 water moccasins
  7 ice beasts
  A centaur (D:13)
  A kobold brigand (D:11)
  3 wights
  A killer bee (D:9)
  2 howler monkeys
  An orc priest (D:3)
  A hound (D:7)
  An orc wizard (D:3)
  5 orcs
  A bat (D:3)
  5 kobolds
50 creatures vanquished.

Vanquished Creatures (others)
  3 electric eels (D:10)
3 creatures vanquished.

Grand Total: 322 creatures vanquished

Notes
Turn   | Place    | Note
-------+----------+-------------------------------------------
     0 | D:1      | pokeman the Deep Elf Hedge Wizard began the quest for the
                  | Orb.
     0 | D:1      | Reached XP level 1. HP: 10/10 MP: 7/7
   146 | D:1      | Upgraded the game from 0.30-a0-711-gf4ac18a38d to
                  | 0.30-a0-715-gdb4ae3ece1
   370 | D:1      | Reached XP level 2. HP: 14/15 MP: 1/9
  1227 | D:2      | Reached skill level 5 in Spellcasting
  1267 | D:2      | Reached XP level 3. HP: 20/20 MP: 5/11
  1271 | D:2      | Learned a level 3 spell: Mephitic Cloud
  1274 | D:2      | Learned a level 2 spell: Call Imp
  1277 | D:2      | Learned a level 2 spell: Blink
  1610 | D:2      | Reached skill level 1 in Armour
  1718 | D:2      | Reached skill level 1 in Fighting
  1867 | D:2      | Found a faded altar of an unknown god.
  2217 | D:2      | Noticed Sigmund
  2242 | D:2      | Killed Sigmund
  2243 | D:2      | Reached skill level 5 in Conjurations
  2243 | D:2      | Reached XP level 4. HP: 18/25 MP: 8/13
  2243 | D:2      | Reached XP level 5. HP: 21/29 MP: 8/14
  2404 | D:3      | You fall into a shaft and drop 1 floor!
  2511 | D:3      | Reached XP level 6. HP: 27/34 MP: 3/16
  2663 | D:3      | Reached skill level 6 in Spellcasting
  3410 | D:4      | Reached skill level 1 in Air Magic
  3410 | D:4      | Reached skill level 1 in Poison Magic
  3479 | D:4      | Reached XP level 7. HP: 38/38 MP: 8/19
  3763 | D:4      | Reached skill level 1 in Evocations
  3804 | D:4      | Reached skill level 7 in Spellcasting
  4064 | D:5      | Entered Level 5 of the Dungeon
  4201 | D:5      | Reached skill level 1 in Necromancy
  4621 | D:5      | Reached skill level 8 in Spellcasting
  4621 | D:5      | Reached XP level 8. HP: 44/44 MP: 19/22
  5860 | D:6      | Found Jiras's Assorted Antiques.
  5863 | D:6      | Bought a smoking robe for 102 gold pieces
  5863 | D:6      | Identified the +1 robe of the Gastropod {rF+} (You bought
                  | it in a shop on level 6 of the Dungeon)
  5863 | D:6      | Bought a scroll labelled UDYBLI HOUT for 18 gold pieces
  5863 | D:6      | Bought a scroll labelled UDYBLI HOUT for 18 gold pieces
  5863 | D:6      | Bought a scroll labelled QEOHIA BONOIMU for 18 gold pieces
  5863 | D:6      | Bought an emerald potion for 16 gold pieces
  5965 | D:7      | Reached skill level 9 in Spellcasting
  6006 | D:7      | Noticed a hornet
  6043 | D:7      | Killed a hornet
  6120 | D:7      | Noticed Pikel
  6123 | D:7      | Reached XP level 9. HP: 50/50 MP: 11/24
  6283 | D:6      | Killed Pikel
  6284 | D:6      | Reached skill level 10 in Spellcasting
  6322 | D:7      | Found Calelin's Antique Weapon Emporium.
  6517 | D:7      | Reached skill level 5 in Necromancy
  6584 | D:7      | Found a staircase to the Ecumenical Temple.
  6592 | Temple   | Entered the Ecumenical Temple
  6609 | Temple   | Became a worshipper of Vehumet
  6734 | D:7      | Found a shimmering altar of Xom.
  6739 | D:7      | Found a radiant altar of Vehumet.
  6739 | D:7      | Found a shimmering altar of Xom.
  6744 | D:7      | Found an iron altar of Okawaru.
  6744 | D:7      | Found an ornate altar of the Wu Jian Council.
  6744 | D:7      | Found an opulent altar of Gozag.
  7082 | D:8      | Reached skill level 5 in Summonings
  7133 | D:8      | Found Opelukud's CLEARANCE SALE!.
  7196 | D:8      | Reached skill level 11 in Spellcasting
  7664 | D:8      | Reached * piety under Vehumet
  7664 | D:8      | Offered knowledge of Shock by Vehumet.
  7719 | D:8      | Reached XP level 10. HP: 56/56 MP: 23/27
  8293 | D:8      | Noticed Psyche
  8312 | D:8      | Killed Psyche
  8355 | D:8      | Learned a level 3 spell: Call Canine Familiar
  8473 | D:9      | Noticed a two-headed ogre
  8617 | D:9      | Killed a two-headed ogre
  8618 | D:9      | Reached skill level 12 in Spellcasting
  9147 | D:9      | Found Ynabewnu's Antique Armour Boutique.
  9778 | D:10     | Entered Level 10 of the Dungeon
  9828 | D:10     | Paralysed by a hornet for 2 turns
  9835 | D:10     | Reached skill level 13 in Spellcasting
  9904 | D:10     | Found a staircase to the Lair.
 10075 | D:9      | Reached ** piety under Vehumet
 10271 | D:9      | Reached XP level 11. HP: 44/60 MP: 22/30
 10347 | D:9      | Offered knowledge of Sandblast by Vehumet.
 12307 | D:11     | Reached skill level 14 in Spellcasting
 12343 | D:11     | Offered knowledge of Searing Ray by Vehumet.
 13080 | D:12     | Found a staircase to the Orcish Mines.
 13080 | D:12     | Reached *** piety under Vehumet
 13083 | D:12     | Noticed an orc knight
 13101 | D:12     | Offered knowledge of Airstrike by Vehumet.
 13116 | D:12     | Killed an orc knight
 13281 | D:12     | Noticed a skeletal warrior
 13284 | D:12     | Noticed a skeletal warrior
 13309 | D:11     | Learned a level 4 spell: Dispel Undead
 13323 | D:12     | Killed a skeletal warrior
 13444 | D:12     | Noticed a skeletal warrior
 13446 | D:12     | Killed a skeletal warrior
 13447 | D:12     | Reached skill level 1 in Shields
 13451 | D:12     | Killed a skeletal warrior
 13574 | D:12     | Identified the +3 leather armour of the Imp {Str+2}
 13605 | D:12     | Noticed a centaur warrior
 13715 | D:12     | Killed a centaur warrior
 13716 | D:12     | Reached skill level 15 in Spellcasting
 13868 | D:12     | Noticed a boulder beetle
 13962 | D:12     | Killed a boulder beetle
 13963 | D:12     | Reached skill level 10 in Conjurations
 13963 | D:12     | Reached XP level 12. HP: 66/66 MP: 33/33
 14557 | D:13     | Found Laet's Weapon Boutique.
 14563 | D:13     | Noticed a centaur warrior
 14665 | D:13     | Found Saubranai's Antique Armour Emporium.
 14700 | D:13     | Reached **** piety under Vehumet
 14876 | D:13     | Found Hixyo's Distillery.
 14884 | D:13     | Offered knowledge of Inner Flame by Vehumet.
 14910 | D:13     | Bought a runed helmet for 292 gold pieces
 15208 | D:13     | Noticed a four-headed hydra
 15266 | D:13     | HP: 2/66 [skeletal warrior/+0 hand axe (18)]
 15616 | D:13     | Killed a centaur warrior
 15718 | D:13     | Reached skill level 16 in Spellcasting
 15751 | D:13     | Killed a four-headed hydra
 16029 | D:13     | Noticed a centaur warrior
 16039 | D:13     | Killed a centaur warrior
 16046 | D:13     | Shot with a bolt by a yaktaur

Illustrated notes

Levels and vault maps discovered:
D:1:      lightli_arrival_quake, layout_basic
D:2:      layout_loops_cross, shapermc_ecumenical_altar_ellora,
          reono_crystal_passage, uniq_sigmund
D:3:      layout_rooms
D:4:      layout_cave_pools, minmay_misc_feat_hallway
D:5:      layout_loops_ring
D:6:      layout_cave_pools, serial_shops, kennysheep_mini_moat
D:7:      layout_cave_pools, doesnt_xom_only_xom,
          minmay_temple_entry_butterflies, serial_shops, shop, uniq_pikel
D:8:      layout_gridville, nicolae_shop_clearance, uniq_psyche
D:9:      layout_small_grid, serial_shops, shop
D:10:     minmay_twisted_water, layout_basic, lair_entry_dummy
D:11:     layout_stronghold
D:12:     layout_loops_cross, david_orc_5, corexii_hall_statues_x
D:13:     kennysheep_blocky_room, layout_basic, serial_shops,
          nicolae_lakefront_shop, shop, nicolae_stop_n_shop_1,
          nicolae_shop_waterfront, nicolae_shop_overgrown_old_shop,
          minmay_misc_feat_doors
Temple:   grunt_wide_crystal_templ

Skill      XL: |  1  2  3  4  5  6  7  8  9 10 11 12 |
---------------+-------------------------------------+-----
Spellcasting   | 5 6 8 9 11 13 15 16 | 16.3
Armour         | 1 3 4 |  4.3
Fighting       | 1 2 3 4 |  4.0
Conjurations   | 5 6 7 8 10 | 10.6
Dodging        | 3 |  3.0
Stealth        | 3 |  3.0
Air Magic      | 1 |  1.0
Poison Magic   | 1 |  1.0
Evocations     | 1 |  1.0
Necromancy     | 2 4 5 7 8 9 |  9.7
Summonings     | 2 3 5 6 8 9 |  9.1
Shields        | 1 3 |  3.2
Translocations | |  1.1

Action                     |  1- 3 |  4- 6 |  7- 9 | 10-12 || total
---------------------------+-------+-------+-------+-------++-------
  Melee: Dagger            |    16 |    14 |   140 |   313 ||   483
         Punch             |       |       |     7 |     3 ||    10
   Cast: Magic Dart        |    98 |    69 |   185 |   198 ||   550
         Call Imp          |     2 |     2 |     6 |       ||    10
         Mephitic Cloud    |     1 |     6 |    44 |    89 ||   140
         Blink             |       |       |     4 |    18 ||    22
         Call Canine Famil |       |       |       |    65 ||    65
         Dispel Undead     |       |       |       |    17 ||    17
  Evoke: Wand              |       |       |     1 |    18 ||    19
    Use: Potion            |       |       |     2 |     2 ||     4
         Scroll            |       |       |       |    17 ||    17
   Stab: Confused          |     1 |     1 |    20 |    25 ||    47
         Paralysed         |       |       |       |    13 ||    13
         Distracted        |       |       |       |     2 ||     2
 Armour: Robe              |    10 |     5 |    13 |       ||    28
         Leather armour    |       |       |    43 |   189 ||   232
  Dodge: Dodged            |    22 |    15 |   114 |   251 ||   402

Table legend: (Time is in decaauts)
 A = Elapsed time spent in this place.
 B = Non-inter-level travel time spent in this place.
 C = Inter-level travel time spent in this place.
 D = Time resting spent in this place.
 E = Time spent auto-exploring this place.
 F = Levels seen in this place.
 G = Mean time per level.
                   A        B        C        D        E       F      G
               +--------+--------+--------+--------+--------+-----+--------+
         Total |  16098 |  15491 |    607 |   2146 |  10352 |  14 | 1149.9 |
       Dungeon |  16073 |  15473 |    600 |   2146 |  10344 |  13 | 1236.4 |
        Temple |     25 |     18 |      7 |      0 |      8 |   1 |   25.0 |
               +--------+--------+--------+--------+--------+-----+--------+

Top non-repeatable levels by time:
     D:9: 2110 daAuts
    D:12: 1982 daAuts
    D:11: 1608 daAuts
     D:2: 1440 daAuts
     D:8: 1398 daAuts
     D:5: 1253 daAuts
     D:1: 1143 daAuts
    D:10: 1036 daAuts
    D:13: 975 daAuts
     D:6: 940 daAuts
     D:3: 741 daAuts
     D:4: 739 daAuts
     D:7: 702 daAuts
  Temple: 25 daAuts
